[Event "WYCC 2018 O18"]
[Site "Halkidiki"]
[Date "2018.10.24"]
[Round "6"]
[White "Lindbol, Aleksander"]
[Black "Wang, Shixu B"]
[Result "1/2-1/2"]
[ECO "B90"]
[WhiteElo "2166"]
[BlackElo "2330"]
[Annotator "NA"]
[PlyCount "72"]
[EventDate "2018.10.20"]
[EventType "swiss"]
[EventCountry "GRE"]
[SourceTitle "playchess.com"]
[Source "ChessBase"]
[SourceQuality "1"]
[TimeControl "40/5400+30:1800+30"]

1. e4 c5 2. Nf3 d6 3. d4 cxd4 4. Nxd4 Nf6 5. Nc3 a6 6. f3 e5 7. Nb3 Be6 8. Be3 Nbd7 9. g4 b5 10. g5 {[%emt 0:01:50] B90: Sicilian Najdorf: Unusual White 6th moves, 6 Be3 Ng4 and 6 Be3 e5} b4 11. Nd5 Nxd5 12. exd5 Bf5 13. Bd3 Bxd3 14. Qxd3 Be7 {[%emt 0:01:32] LiveBook: 83 Games} 15. h4 O-O 16. O-O-O {[%emt 0:09:37] [#]} Rc8 $146 ({Predecessor:} 16... a5 17. Kb1 f5 {½-½ (40) Anand,V (2803)-Bu,X (2640) Turin 2006}) 17. Kb1 a5 18. f4 a4 19. Nd2 f5 20. gxf6 Nxf6 21. fxe5 dxe5 22. Ne4 Nxe4 23. Qxe4 Bd6 24. Rhg1 Qf6 25. Qg4 Kh8 26. Bc1 b3 27. axb3 axb3 28. cxb3 Qf5+ 29. Qxf5 Rxf5 30. Rdf1 Rcf8 31. Rxf5 Rxf5 32. Kc2 Kg8 33. Kd3 $16 Kf7 34. Rg4 Rf3+ 35. Kc4 Rh3 36. Kb5 Be7 1/2-1/2

[Event "WYCC 2018 O18"]
[Site "Halkidiki"]
[Date "2018.10.24"]
[Round "6"]
[White "Pedoson, Georg Aleksander"]
[Black "Kandil, Adham"]
[Result "1-0"]
[ECO "E40"]
[WhiteElo "2162"]
[BlackElo "2292"]
[Annotator "NA"]
[PlyCount "97"]
[EventDate "2018.10.20"]
[EventType "swiss"]
[EventCountry "GRE"]
[SourceTitle "playchess.com"]
[Source "ChessBase"]
[SourceQuality "1"]
[TimeControl "40/5400+30:1800+30"]

1. d4 Nf6 2. c4 e6 3. Nc3 Bb4 4. e3 d5 5. Bd3 O-O 6. Nge2 c5 7. cxd5 cxd4 8. exd4 Nxd5 9. O-O Nc6 10. Bc2 Be7 11. a3 Nxc3 12. bxc3 b6 {[%emt 0:00:05] LiveBook: 13 Games} 13. Nf4 g6 14. Re1 Bf6 15. Nh5 Bh8 16. Bh6 Re8 $14 17. Qf3 Bb7 18. Qg3 Rc8 19. Rac1 Qc7 20. Qg5 Qd8 21. Qg4 Qd7 22. Qh4 f5 23. Nf4 Na5 24. Qg3 Kf7 25. h4 Bd5 26. h5 Rg8 27. Nh3 Bf6 28. Bg5 gxh5 29. Qh4 Bxg5 30. Nxg5+ Kf8 31. Nxe6+ Bxe6 32. Qf6+ Qf7 33. Rxe6 Qxf6 34. Rxf6+ Ke7 35. Rh6 Rxc3 36. Re1+ Kd8 37. Bxf5 Rg7 38. d5 Rc5 39. Rhe6 Rxd5 40. Re8+ Kc7 41. Rc1+ Rc5 42. Rc8+ Kd6 43. Rd1+ Ke5 44. Rf8 Kf4 45. g3+ Kg5 46. f4+ Kh6 47. Rd6+ Rg6 48. Bxg6 hxg6 49. Rd7 1-0

[Event "WYCC 2018 O18"]
[Site "Halkidiki"]
[Date "2018.10.24"]
[Round "6"]
[White "Torres Cueto, Jesus Marcial"]
[Black "Ioannidis, Evgenios"]
[Result "1-0"]
[ECO "A40"]
[WhiteElo "2078"]
[BlackElo "2407"]
[Annotator "NA"]
[PlyCount "45"]
[EventDate "2018.10.20"]
[EventType "swiss"]
[EventCountry "GRE"]
[SourceTitle "playchess.com"]
[Source "ChessBase"]
[SourceQuality "1"]
[TimeControl "40/5400+30:1800+30"]

1. d4 e6 2. c4 c5 3. d5 exd5 4. cxd5 d6 5. Nc3 g6 6. Nf3 Bg7 7. Qa4+ Bd7 8. Qb3 Qc7 (8... b5 $1 $11) 9. Bf4 (9. Ne4 $16) 9... Nf6 10. h3 {[%emt 0:03:51] A61: Modern Benoni: Nf3 without early e4} (10. e4 O-O 11. Nd2 Nh5 12. Be3 f5 13. exf5 Bxf5 14. h3 Nf6 15. g4 Bd7 16. Bg2 Na6 17. O-O Rab8 18. Rfe1 b5 19. Nce4 Ne8 20. a3 {½-½ (49) Riazantsev,A (2666)-Donchenko,A (2559) Douglas 2017}) 10... O-O 11. e3 a6 (11... Na6 $11) 12. a4 {[%emt 0:00:33] LiveBook: 15 Games} b6 (12... Bc8 $14) 13. Be2 Re8 $146 {[%emt 0:01:05] [#]} ({Predecessor:} 13... Bc8 14. O-O Nbd7 15. Rfd1 Re8 16. Qc4 Nh5 17. Bh2 Ne5 18. Nxe5 Bxe5 19. Bxh5 gxh5 20. Bxe5 Rxe5 {1-0 (43) Hudec,J (2047)-Sturdik,I (1988) Slovakia 2016}) 14. Nd2 $1 Bf8 15. Nc4 Ra7 16. Qxb6 ({Don't take} 16. Nxb6 Bf5) 16... Qxb6 17. Nxb6 Bf5 18. Nc4 Rd8 19. O-O-O $18 Rb7 20. g4 Bc8 21. Kc2 Ne8 22. b3 Nd7 23. Na5 1-0

[Event "WYCC 2018 O18"]
[Site "Halkidiki"]
[Date "2018.10.24"]
[Round "6"]
[White "Olimjonov, Sarvarbek"]
[Black "Carnicelli, Valerio"]
[Result "1/2-1/2"]
[ECO "D01"]
[WhiteElo "2074"]
[BlackElo "2299"]
[Annotator "NA"]
[PlyCount "149"]
[EventDate "2018.10.20"]
[EventType "swiss"]
[EventCountry "GRE"]
[SourceTitle "playchess.com"]
[Source "ChessBase"]
[SourceQuality "1"]
[TimeControl "40/5400+30:1800+30"]

1. d4 Nf6 2. Nc3 d5 3. Bg5 g6 4. Bxf6 exf6 5. e3 Bg7 6. g3 {[%emt 0:00:58] D01: Damenbauernspiele (Richter-Weressow)} O-O 7. Bg2 c6 8. Nge2 (8. h4 h5 9. Nge2 Bg4 10. Qd2 Bxe2 11. Nxe2 f5 12. Qb4 Qb6 13. Qb3 Nd7 {½-½ (75) Michalik,P (2557)-Ftacnik,L (2566) Prievidza 2014}) 8... Re8 9. O-O Bf5 $146 ({Vorgänger:} 9... f5 10. Nb1 Qb6 11. Qc1 Be6 12. Nd2 Nd7 13. Nf4 Nf6 {½-½ (32) Kiss,L (2261)-Kiss,V (2171) Hungary 2009}) 10. Na4 Na6 11. b3 Be4 12. Rc1 Bf8 13. Qd2 Ba3 14. Rcd1 Qe7 15. c3 h5 16. Bxe4 Qxe4 17. b4 b6 18. Qd3 Nc7 19. Qxe4 Rxe4 20. Rb1 h4 21. Rb3 Nb5 22. Nf4 hxg3 23. hxg3 Ree8 24. Rfb1 $11 Reb8 25. Nb2 Bxb2 26. R1xb2 Nd6 27. b5 Nxb5 28. Nxd5 cxd5 29. Rxb5 Rd8 30. Kf1 Kf8 31. Ke2 Ke7 32. Kd3 Rac8 33. a4 Rc6 34. a5 bxa5 35. Rxa5 Rd7 36. Rba2 Rdc7 37. R2a3 Ke6 38. g4 Kd6 39. f3 f5 40. gxf5 gxf5 41. f4 Ke6 42. Kd2 Kd6 43. Rxa7 Rxc3 44. R3a6+ Ke7 45. Ra2 Rc2+ 46. Rxc2 Rxa7 47. Rc3 Kd6 48. Rb3 Rc7 49. Rb8 Ke7 50. Rb6 Ra7 51. Kc3 Rc7+ 52. Kb3 Rc1 53. Ka4 Rc4+ 54. Rb4 Rc7 55. Rb5 Kd6 56. Rb6+ Ke7 57. Kb4 Rc4+ 58. Kb3 Rc7 59. Ra6 Rb7+ 60. Kc3 Rc7+ 61. Kb4 Rc4+ 62. Kb3 Rc7 63. Rb6 Rc1 64. Kb4 Rc4+ 65. Ka3 Rc3+ 66. Rb3 Rc7 67. Ka4 Ra7+ 68. Kb4 Rb7+ 69. Kc3 Rc7+ 70. Kd2 Ra7 71. Ke2 Ra1 72. Kf2 Ra2+ 73. Kg3 Rc2 74. Rb7+ Ke6 75. Rb8 {[%emt 0:00:20] Ke5} 1/2-1/2

[Event "WYCC 2018 O18"]
[Site "Halkidiki"]
[Date "2018.10.24"]
[Round "6"]
[White "Liang, Albert"]
[Black "Martinez Fernandez, Adrian"]
[Result "0-1"]
[ECO "B91"]
[WhiteElo "2042"]
[BlackElo "2277"]
[Annotator "NA"]
[PlyCount "96"]
[EventDate "2018.10.20"]
[EventType "swiss"]
[EventCountry "GRE"]
[SourceTitle "playchess.com"]
[Source "ChessBase"]
[SourceQuality "1"]
[TimeControl "40/5400+30:1800+30"]

1. e4 c5 2. Nf3 d6 3. d4 cxd4 4. Nxd4 Nf6 5. Nc3 a6 {[%emt 0:00:00] LiveBook: 63765 Games} 6. g3 e5 7. Nb3 Be7 8. Bg2 O-O 9. O-O b5 10. a4 {[%emt 0:01:11] B91: Sicilian Najdorf: 6 g3} (10. Nd5 Nxd5 11. Qxd5 Ra7 12. Be3 Be6 13. Qd2 Ra8 14. a4 Nc6 15. axb5 axb5 16. Rxa8 Qxa8 17. Ra1 Qb7 {½-½ (58) Naiditsch,A (2710)-Vidit,S (2693) Linares 2017}) 10... b4 11. Nd5 Nxd5 12. Qxd5 Ra7 13. Be3 Be6 14. Qd3 Rb7 15. Rfd1 Qc7 16. Nd2 Rc8 17. Rac1 {[%emt 0:00:58] [#]} Qd7 $146 ({Predecessor:} 17... Qa5) 18. b3 Rbc7 19. Nb1 Rc6 20. f4 f6 21. Rd2 Qb7 22. h4 Bd8 23. Kh2 Bb6 24. Bh3 Bxh3 25. Kxh3 Rc3 26. Nxc3 $19 Rxc3 27. Qxd6 Qc8+ 28. f5 Bxe3 29. Qd8+ Kf7 30. Qd5+ Ke7 31. Qd6+ Ke8 32. Rcd1 Bxd2 33. Rxd2 Nc6 34. a5 h5 35. Qd5 Kf8 36. Qd6+ Ke8 37. Qd5 Ne7 38. Qd6 Rxc2 39. Rxc2 Qxc2 40. Qxa6 Qxe4 41. Kh2 Qc2+ 42. Kg1 Qxb3 43. Qb5+ Kf7 44. a6 Qxg3+ 45. Kf1 Qa3 46. Qe2 b3 47. Qxh5+ Kf8 48. Qe2 b2 0-1

[Event "WYCC 2018 O18"]
[Site "Halkidiki"]
[Date "2018.10.24"]
[Round "6"]
[White "Polyakov, Fedor"]
[Black "Pantzar, Milton"]
[Result "0-1"]
[ECO "A41"]
[WhiteElo "2036"]
[BlackElo "2326"]
[Annotator "NA"]
[PlyCount "124"]
[EventDate "2018.10.20"]
[EventType "swiss"]
[EventCountry "GRE"]
[SourceTitle "playchess.com"]
[Source "ChessBase"]
[SourceQuality "1"]
[TimeControl "40/5400+30:1800+30"]

1. d4 d6 2. c4 e5 3. d5 f5 4. e4 fxe4 5. Nc3 Nf6 {[%emt 0:00:03] A41: 1 d4 d6: Tartakower System and Modern Defence} (5... Bf5 6. Nge2 Nf6 7. Ng3 Bg6 8. h4 h6 9. Be3 c6 10. h5 Bh7 11. Qb3 Qc7 12. Be2 Nbd7 13. O-O {½-½ (30) Omar,N (2353)-Moussard,J (2559) Biel 2018}) 6. Bg5 Be7 7. Bxf6 gxf6 $146 ({Predecessor:} 7... Bxf6 8. Nxe4 O-O 9. Bd3 c6 10. Ne2 cxd5 11. cxd5 Na6 12. N2c3 Bf5 13. O-O {½-½ (29) Roubalik,J (2391)-Zvolanek,L (2176) Vsetin 2017}) 8. Qh5+ Kf8 9. Nxe4 f5 10. Nc3 Kg7 11. f3 Qe8 12. Qh3 f4 13. g4 h5 14. O-O-O hxg4 15. Qg2 Qg6 16. Bd3 Qh6 17. Nge2 Qh3 18. Qxh3 Rxh3 19. fxg4 Na6 20. Ne4 Bd7 21. Ng1 Re3 22. h3 Rh8 23. Rh2 Nb4 24. Bb1 Nxa2+ 25. Kd2 Nb4 26. Rf1 Rb3 27. Kc1 Nd3+ 28. Bxd3 Rxd3 29. Rf3 Rd4 30. Nd2 e4 31. Rc3 f3 32. Nb3 Bf6 33. Nxf3 exf3 34. Nxd4 Bxd4 35. Rxf3 Be5 36. Rhf2 Be8 37. Kc2 Bg6+ 38. Kb3 a6 39. Rf1 Bd4 40. Re1 Be5 41. Ref1 Be4 42. Rf7+ Kg6 43. Rxc7 Rxh3+ 44. Ka4 b5+ 45. cxb5 axb5+ 46. Kb4 Bxd5 47. Kxb5 Rb3+ 48. Ka5 Rxb2 49. Rd1 Bf3 50. Rf1 Bxg4 51. Rg1 Kf5 52. Rc8 Be2 53. Rg2 Ke4 54. Rg6 Kd5 55. Rg5 Bd3 56. Rc1 Be4 57. Re1 $19 Bd3 58. Rh5 Rb1 59. Re3 Bc4 60. Rg5 Kc5 61. Rexe5+ dxe5 62. Rxe5+ Bd5 0-1

[Event "WYCC 2018 O18"]
[Site "Halkidiki"]
[Date "2018.10.24"]
[Round "6"]
[White "Manu David Suthandram R"]
[Black "Ozates, Tuna"]
[Result "1/2-1/2"]
[ECO "B31"]
[WhiteElo "1970"]
[BlackElo "2225"]
[Annotator "NA"]
[PlyCount "106"]
[EventDate "2018.10.20"]
[EventType "swiss"]
[EventCountry "GRE"]
[SourceTitle "playchess.com"]
[Source "ChessBase"]
[SourceQuality "1"]
[TimeControl "40/5400+30:1800+30"]

1. e4 c5 2. Nf3 Nc6 3. Bb5 g6 4. O-O Bg7 5. c3 Nf6 6. Re1 O-O 7. d4 d5 8. exd5 Qxd5 9. c4 {[%emt 0:03:52] B31: Sicilian: 2...Nc6 3 Bb5 g6} Qd8 (9... Qd6 10. d5 Nd4 11. Nxd4 cxd4 12. h3 a6 13. Ba4 e5 14. Bc2 b5 15. b3 e4 16. Bxe4 Nxe4 17. Rxe4 Bf5 18. Rxd4 {½-½ (34) Deepan Chakkravarthy,J (2519)-Potapov,P (2500) Pardubice 2018}) 10. d5 Nd4 11. Nxd4 cxd4 12. Na3 $146 ({Predecessor:} 12. Qxd4 $11 Ng4 (12... a6 13. Ba4 b5 14. cxb5 Nxd5 15. Qd1 axb5 16. Bxb5 Bb7 {½-½ (67) Saidov,B (2297)-Mustafaev,J (2232) Tashkent 2007}) 13. Qc5) 12... a6 13. Ba4 b5 14. cxb5 Nxd5 15. Bg5 Be6 16. bxa6 Rxa6 17. Bb3 Re8 18. Rc1 h6 19. Bh4 Nf4 20. Bg3 Bxb3 21. Qxb3 Ne6 22. Nc4 Qa8 23. Nb6 Rxb6 24. Qxb6 Qxa2 25. Be5 d3 26. Rcd1 Qd5 27. Qe3 Rd8 28. Bxg7 Kxg7 29. Qe5+ Qxe5 30. Rxe5 Kf6 31. Re3 Rb8 32. Rf3+ Kg7 $16 33. Rfxd3 Rxb2 34. Rd7 Kf6 35. Re1 Rb3 36. g3 h5 37. h4 Ra3 38. Kg2 Rb3 39. Ra1 Rb8 40. Ra6 Rc8 41. Kh3 Rc2 42. Kg2 Re2 43. Rd3 Kg7 44. Ra7 Nc5 45. Rd5 Ne4 46. Rxe7 Rxf2+ 47. Kg1 Rd2 48. Rxd2 Nxd2 49. Kf2 Nc4 50. Rd7 Ne5 51. Rd6 Ng4+ 52. Kf3 Nh6 53. Kf4 Ng4 1/2-1/2

[Event "WYCC 2018 O18"]
[Site "Halkidiki"]
[Date "2018.10.24"]
[Round "6"]
[White "Kadianis, Georgios"]
[Black "Alexiadis, Hristos"]
[Result "0-1"]
[ECO "B23"]
[WhiteElo "1928"]
[BlackElo "2263"]
[Annotator "NA"]
[PlyCount "58"]
[EventDate "2018.10.20"]
[EventType "swiss"]
[EventCountry "GRE"]
[SourceTitle "playchess.com"]
[Source "ChessBase"]
[SourceQuality "1"]
[TimeControl "40/5400+30:1800+30"]

1. e4 c5 2. Nc3 a6 3. g3 b5 4. Bg2 Bb7 5. d3 e6 6. f4 d5 7. Qe2 Be7 8. Nf3 Nc6 9. O-O Nd4 10. Nxd4 cxd4 11. Nd1 Nf6 12. b3 O-O 13. Bb2 Bc5 14. Nf2 Rc8 15. e5 Nd7 16. g4 h6 17. Nh3 f6 {[%emt 0:01:02] [#]} 18. g5 $14 hxg5 19. exf6 Qxf6 20. fxg5 Qe5 21. Qg4 Bd6 22. Nf4 Qe3+ 23. Kh1 Rxf4 24. Rxf4 Bxf4 25. Rg1 Qe5 26. Bxd4 Qf5 27. Qxf5 exf5 28. c4 Bxg5 29. cxd5 Bf6 0-1

[Event "WYCC 2018 O18"]
[Site "Halkidiki"]
[Date "2018.10.24"]
[Round "6"]
[White "Zhu, Brandon"]
[Black "Tsomaia, Nikoloz"]
[Result "0-1"]
[ECO "E61"]
[WhiteElo "1914"]
[BlackElo "2201"]
[Annotator "NA"]
[PlyCount "134"]
[EventDate "2018.10.20"]
[EventType "swiss"]
[EventCountry "GRE"]
[SourceTitle "playchess.com"]
[Source "ChessBase"]
[SourceQuality "1"]
[TimeControl "40/5400+30:1800+30"]

1. d4 Nf6 2. c4 g6 3. Nc3 c5 4. d5 Bg7 5. e4 {[%emt 0:00:10] LiveBook: 1747 Games} O-O 6. Nge2 d6 7. Ng3 e6 8. Be2 Na6 {[%emt 0:03:47] E70: King's Indian: Miscellaneous lines with 4 e4, including 5 Nge2 and 5 Bd3 0-0 6 Nge2} (8... exd5 9. cxd5 a6 10. a4 h5 11. Bg5 Qc7 12. Qd2 Nbd7 13. O-O Rb8 14. f4 Nh7 15. Bh4 c4 16. Kh1 b5 17. axb5 axb5 18. b4 {1-0 (36) Le,Q (2736)-Sivuk,V (2526) Hanoi 2018}) 9. O-O Nc7 10. h3 exd5 11. cxd5 Re8 12. a4 a6 13. Bg5 h6 14. Be3 Rb8 15. a5 $146 ({Predecessor:} 15. Qd2 b5 16. axb5 axb5 17. Bxh6 {0-1 (33) Fiala,J (1983)-Golcman,E (2304) Olomouc 2009}) 15... b5 16. axb6 Rxb6 17. Qd2 Kh7 18. Kh1 Nb5 19. Nxb5 axb5 20. f3 b4 21. Ra8 Nd7 22. Rfa1 Qf6 23. Rb1 Rb8 24. Rxb8 Nxb8 25. Nf1 Nd7 26. Bb5 Re7 27. Bf4 Ne5 28. Bg3 g5 29. Be2 $11 Ra7 30. Ne3 Ra2 31. Qc2 Kg8 32. Qb3 Ra7 33. Rf1 Ng6 34. Nc4 Ba6 35. Rf2 Bxc4 36. Bxc4 Nf4 37. Qe3 Ra1+ 38. Kh2 Nh5 39. e5 dxe5 40. Re2 Nf4 41. Re1 Rxe1 42. Qxe1 Bf8 43. Qe4 Ng6 44. d6 Bxd6 45. b3 Kg7 46. Kg1 Nf8 47. Bd3 Ne6 48. Bf2 Nf4 49. Bc4 Qg6 50. Qb7 h5 51. Qd7 Bf8 52. Be3 Qf6 53. Bc1 Ng6 54. Bb2 Be7 55. Qd5 Bd6 56. Qc6 Ne7 57. Qd7 Nf5 58. Bd5 c4 59. Bxc4 Bc5+ 60. Kh1 Ng3+ 61. Kh2 Qf4 62. Bxe5+ Qxe5 63. Qxf7+ Kh6 64. f4 gxf4 65. Bd3 Bg1+ 66. Kxg1 Qe1+ 67. Kh2 Qh1# 0-1

[Event "WYCC 2018 O18"]
[Site "Halkidiki"]
[Date "2018.10.24"]
[Round "6"]
[White "Vourlis-Koletis, Miltiadis"]
[Black "Galiana Fernandez, Adrian"]
[Result "1/2-1/2"]
[ECO "D85"]
[WhiteElo "1839"]
[BlackElo "2261"]
[Annotator "NA"]
[PlyCount "67"]
[EventDate "2018.10.20"]
[EventType "swiss"]
[EventCountry "GRE"]
[SourceTitle "playchess.com"]
[Source "ChessBase"]
[SourceQuality "1"]
[TimeControl "40/5400+30:1800+30"]

1. d4 Nf6 2. c4 g6 3. Nc3 d5 4. cxd5 Nxd5 5. Bd2 Nb6 6. Nf3 Bg7 7. Bf4 {[%emt 0:03:38] D90: Grünfeld: 4 Nf3 Bg7 sidelines} O-O 8. Rc1 N8d7 $146 ({Predecessor:} 8... c5 9. dxc5 Bxc3+ 10. Rxc3 Qxd1+ 11. Kxd1 Nd5 12. Rc4 Nxf4 13. Rxf4 Be6 14. e3 Rd8+ 15. Kc2 Rc8 {½-½ (59) L'Ami,E (2613)-Sevian,S (2511) Wijk aan Zee 2015}) 9. Nb5 e5 10. Nxe5 Nd5 11. Nxc7 Nxf4 12. Nxa8 Nxe5 13. dxe5 Nd5 {[%emt 0:00:05] [#]} 14. Nc7 $1 Nxc7 15. Qxd8 Rxd8 16. Rxc7 Bxe5 17. Rc2 Be6 18. e3 Bxa2 19. f4 Bb3 20. Rd2 Rxd2 21. Kxd2 Bxb2 22. Be2 Ba2 23. Kc2 Bf6 24. Rd1 Be6 25. Bf3 b6 26. Bd5 Bg4 27. Rc1 Be7 28. h3 $14 Bd7 29. Rd1 Ba4+ 30. Bb3 Bc6 31. Bd5 Ba4+ 32. Bb3 Bc6 33. Bd5 Ba4+ 34. Bb3 1/2-1/2

[Event "WYCC 2018 O18"]
[Site "Halkidiki"]
[Date "2018.10.26"]
[Round "7"]
[White "Ioannidis, Evgenios"]
[Black "Krstic, Milos"]
[Result "1-0"]
[ECO "E20"]
[WhiteElo "2407"]
[BlackElo "2171"]
[Annotator "NA"]
[PlyCount "89"]
[EventDate "2018.10.20"]
[EventType "swiss"]
[EventCountry "GRE"]
[SourceTitle "playchess.com"]
[Source "ChessBase"]
[SourceQuality "1"]
[TimeControl "40/5400+30:1800+30"]

1. d4 Nf6 2. c4 e6 3. Nc3 Bb4 4. g3 O-O 5. Bg2 d5 6. Nf3 c5 {[%emt 0:03:06] LiveBook: 111 Games} 7. dxc5 Bxc3+ 8. bxc3 Qa5 9. O-O Qxc3 $14 10. Qd4 Qxc4 11. Qxc4 dxc4 12. Ne5 Nfd7 13. Nxd7 Nxd7 14. Ba3 Ne5 15. c6 Nxc6 16. Bxf8 Kxf8 17. Rab1 Nd4 18. e3 Ne2+ 19. Kh1 Rb8 20. Rb2 Nc3 21. Rc1 Na4 22. Rb4 Nb6 23. a4 Bd7 24. a5 Nd5 25. Rbxc4 a6 26. Rh4 h6 27. Bxd5 exd5 28. Rc7 Bc6 29. Rf4 f6 30. Rg4 g5 31. h4 d4+ 32. Kg1 dxe3 33. fxe3 Re8 34. Rd4 Rxe3 35. Rd8+ Be8 36. Rd6 Rxg3+ 37. Kf2 Rg4 38. Rxf6+ Kg8 39. Rxb7 Rxh4 40. Rxa6 Rf4+ 41. Ke3 Kf8 42. Ra8 Rf6 43. Rbb8 Re6+ 44. Kf2 Kf7 45. Rxe8 1-0

[Event "WYCC 2018 O18"]
[Site "Halkidiki"]
[Date "2018.10.26"]
[Round "7"]
[White "Ayats Llobera, Gerard"]
[Black "Le, Minh Hoang"]
[Result "1/2-1/2"]
[ECO "B11"]
[WhiteElo "2399"]
[BlackElo "2271"]
[Annotator "NA"]
[PlyCount "81"]
[EventDate "2018.10.20"]
[EventType "swiss"]
[EventCountry "GRE"]
[SourceTitle "playchess.com"]
[Source "ChessBase"]
[SourceQuality "1"]
[TimeControl "40/5400+30:1800+30"]

1. e4 c6 2. Nc3 d5 3. Nf3 Bg4 4. h3 Bxf3 5. Qxf3 Nf6 6. d3 e6 7. Bd2 Nbd7 8. g4 Bc5 (8... h6 $11 {hält das Gleichgewicht.}) 9. g5 Ng8 10. h4 Ne7 11. h5 d4 12. Ne2 Qb6 13. O-O-O $16 Rf8 14. Qg3 O-O-O 15. Bh3 Bb4 16. Bxb4 Qxb4 17. Kb1 Nb6 18. Nc1 Qd6 19. Ne2 c5 20. f4 Kb8 21. Rhg1 Nc6 22. g6 hxg6 23. hxg6 f6 24. Bf1 Rh8 25. Nc1 e5 26. f5 a5 27. Be2 Rh6 28. Rh1 Rdh8 29. Bf3 c4 30. Rxh6 Rxh6 31. dxc4 Nxc4 32. Be2 Qb4 33. Bxc4 Qxc4 34. a3 Ka7 35. Nd3 Ne7 36. Qg2 Qc6 37. Rh1 Rxh1+ 38. Qxh1 Nxf5 39. Qe1 Ne3 40. Qxa5+ Kb8 41. Nb4 1/2-1/2

[Event "WYCC 2018 O18"]
[Site "Halkidiki"]
[Date "2018.10.26"]
[Round "7"]
[White "Burovic, Rijad"]
[Black "Tifferet, Shaked"]
[Result "1-0"]
[ECO "C45"]
[WhiteElo "2380"]
[BlackElo "2254"]
[Annotator "NA"]
[PlyCount "121"]
[EventDate "2018.10.20"]
[EventType "swiss"]
[EventCountry "GRE"]
[SourceTitle "playchess.com"]
[Source "ChessBase"]
[SourceQuality "1"]
[TimeControl "40/5400+30:1800+30"]

1. e4 e5 2. Nf3 Nc6 3. d4 exd4 4. Nxd4 Nf6 5. Nxc6 bxc6 6. e5 Qe7 7. Qe2 Nd5 8. Nd2 g6 9. c4 Nb6 10. Ne4 Bg7 11. Bg5 Qb4+ 12. Qd2 Qxd2+ 13. Kxd2 Bxe5 14. Nf6+ Bxf6 15. Re1+ Kf8 16. Bxf6 Rg8 17. Re7 d5 18. Rxc7 dxc4 19. Rxc6 Be6 20. Be2 Bd5 21. Rd6 Bxg2 22. Rg1 Bd5 23. Rg4 c3+ 24. bxc3 g5 25. Rd4 Rg6 26. Bf3 Nc4+ 27. Rxc4 Bxf3 28. Rcd4 Re8 29. c4 Rh6 30. Be7+ Kg7 31. Rxh6 Kxh6 32. Rd7 a6 33. Ke3 Bg4 34. Rb7 Be6 35. Kd4 Rc8 36. c5 Bxa2 37. Rb6+ Be6 38. c6 Kg6 39. Rxa6 f6 40. Bd6 g4 41. c7 Kf7 42. Kc5 Re8 43. Bg3 Ke7 44. Rd6 Bd7 45. Kb6 Bf5 46. Rd4 Rg8 47. Bd6+ Kf7 48. Bc5 Rg6 49. Rd8 Rh6 50. Bd6 Rh3 51. c8=Q Rb3+ 52. Kc6 Rc3+ 53. Bc5 Bxc8 54. Rxc8 Rh3 55. Kd7 Rxh2 56. Rf8+ Kg7 57. Ke6 Rg2 58. Rf7+ Kg6 59. Rxf6+ Kh5 60. Be3 g3 61. f3 1-0

[Event "WYCC 2018 O18"]
[Site "Halkidiki"]
[Date "2018.10.26"]
[Round "7"]
[White "Miciano, John Marvin"]
[Black "Beukema, Jasper"]
[Result "1-0"]
[ECO "A20"]
[WhiteElo "2361"]
[BlackElo "2256"]
[Annotator "NA"]
[PlyCount "79"]
[EventDate "2018.10.20"]
[EventType "swiss"]
[EventCountry "GRE"]
[SourceTitle "playchess.com"]
[Source "ChessBase"]
[SourceQuality "1"]
[TimeControl "40/5400+30:1800+30"]

1. c4 e5 2. e3 Nc6 3. Nc3 d6 4. g3 g6 5. Bg2 Bg7 6. Rb1 f5 7. d3 Nf6 8. b4 O-O 9. Nge2 h6 10. b5 Ne7 11. O-O g5 12. f4 $14 {[%emt 0:00:12] LiveBook: 7 Games} gxf4 13. exf4 h5 14. Kh1 Qe8 15. fxe5 dxe5 16. d4 e4 17. Nf4 Qf7 18. d5 a6 19. Qb3 Ng6 20. Nxg6 Qxg6 21. Bf4 Qf7 22. a4 Re8 23. Ne2 axb5 24. axb5 Nd7 25. Be3 Ne5 26. Bd4 Qe7 27. c5 Kh7 28. Nf4 h4 29. Rbd1 Ng4 30. d6 cxd6 31. cxd6 Qd7 32. Bxg7 Qxg7 33. Bh3 e3 34. Bxg4 fxg4 35. Qd3+ Kh8 36. Ng6+ Kg8 37. Ne7+ Kh8 38. Qd5 Bd7 39. Rf7 Rxe7 40. dxe7 1-0

[Event "WYCC 2018 O18"]
[Site "Halkidiki"]
[Date "2018.10.26"]
[Round "7"]
[White "Mitrabha, Guha"]
[Black "Pedoson, Georg Aleksander"]
[Result "1-0"]
[ECO "A04"]
[WhiteElo "2352"]
[BlackElo "2162"]
[Annotator "NA"]
[PlyCount "57"]
[EventDate "2018.10.20"]
[EventType "swiss"]
[EventCountry "GRE"]
[SourceTitle "playchess.com"]
[Source "ChessBase"]
[SourceQuality "1"]
[TimeControl "40/5400+30:1800+30"]

1. Nf3 f5 2. d3 Nc6 3. g3 e5 4. Bg2 Nf6 5. c4 Be7 6. Nc3 O-O 7. O-O Qe8 8. Nd5 Bd8 9. Bg5 Nxd5 $16 10. cxd5 Nd4 11. Bxd8 Nxf3+ 12. Bxf3 Qxd8 13. Rc1 a5 14. Rc3 Kh8 15. Bg2 f4 16. d4 d6 17. dxe5 dxe5 18. Qb3 Bg4 19. Rfc1 Bxe2 20. Rxc7 b5 21. Qc3 Qf6 22. Qc6 Qf5 23. Qe6 Qh5 24. Qe7 Qg6 25. Be4 Qh6 26. R1c6 fxg3 27. hxg3 g6 28. Qxe5+ Kg8 29. d6 1-0

[Event "WYCC 2018 O18"]
[Site "Halkidiki"]
[Date "2018.10.26"]
[Round "7"]
[White "Stijve, Theo"]
[Black "Dallemagne, Maximilien"]
[Result "1/2-1/2"]
[ECO "C18"]
[WhiteElo "2345"]
[BlackElo "2094"]
[Annotator "NA"]
[PlyCount "112"]
[EventDate "2018.10.20"]
[EventType "swiss"]
[EventCountry "GRE"]
[SourceTitle "playchess.com"]
[Source "ChessBase"]
[SourceQuality "1"]
[TimeControl "40/5400+30:1800+30"]

1. e4 e6 2. d4 d5 3. Nc3 Bb4 4. e5 c5 5. a3 Bxc3+ 6. bxc3 Qa5 7. Bd2 Qa4 8. Qg4 Kf8 9. Nf3 Nc6 10. Be2 Nge7 11. O-O Bd7 $14 12. Ra2 Ng6 13. Rb1 Nd8 14. h4 h6 15. c4 dxc4 16. dxc5 Bc6 17. Rb4 Qa5 18. Qd4 Bd5 19. Rxb7 Qa6 20. Rb1 Nc6 21. Qe3 h5 22. Bc3 Nge7 23. Nd2 Na5 24. Rab2 Nac6 25. Rb5 Qa4 26. R1b2 Rh6 27. g3 Rd8 28. Qg5 Qxa3 29. Nb1 Qa4 30. Bxh5 Rh7 31. Rb7 g6 32. Be2 Be4 33. Qf4 Bxc2 34. Qxc4 Qxc4 35. Bxc4 Rd1+ 36. Kg2 Be4+ 37. f3 Bd5 38. Be2 Rc1 39. R7b5 a6 40. Rb6 Nf5 41. Rd2 g5 42. Bd3 g4 43. Be4 gxf3+ 44. Bxf3 Rg7 45. Bxd5 Rxg3+ 46. Kf2 exd5 47. Rxc6 Rxb1 48. Ba5 Rbg1 49. Rc8+ Kg7 50. c6 R1g2+ 51. Ke1 Rg1+ 52. Ke2 R1g2+ 53. Ke1 Rg1+ 54. Ke2 R1g2+ 55. Kd1 Rg1+ 56. Ke2 R1g2+ 1/2-1/2

[Event "WYCC 2018 O18"]
[Site "Halkidiki"]
[Date "2018.10.26"]
[Round "7"]
[White "Ahmadzada, Ahmad"]
[Black "Lindbol, Aleksander"]
[Result "1-0"]
[ECO "A13"]
[WhiteElo "2343"]
[BlackElo "2166"]
[Annotator "NA"]
[PlyCount "69"]
[EventDate "2018.10.20"]
[EventType "swiss"]
[EventCountry "GRE"]
[SourceTitle "playchess.com"]
[Source "ChessBase"]
[SourceQuality "1"]
[TimeControl "40/5400+30:1800+30"]

1. Nf3 Nf6 2. c4 e6 3. g3 d5 4. Bg2 dxc4 5. Qa4+ Nbd7 6. Qxc4 a6 7. O-O b5 8. Qc2 Bb7 9. b3 c5 10. Bb2 Be7 11. d3 O-O 12. Nbd2 Rc8 13. Rac1 Qb6 14. Qb1 Rfd8 15. Qa1 Ne8 16. Rc2 {[%emt 0:04:48] LiveBook: 4 Games} Bf6 17. Rfc1 Bxb2 18. Qxb2 Nef6 $11 19. Ne5 Bxg2 20. Kxg2 h5 21. Nxd7 Rxd7 22. Nf3 Rd5 23. b4 Nd7 24. Qa3 a5 25. bxa5 Qa6 26. d4 b4 27. Qd3 Qxa5 28. e4 Rd6 29. e5 Rd5 30. Ng5 Nf8 31. Qf3 f6 32. Nxe6 c4 33. Nxg7 Rxd4 34. Nf5 Qxe5 35. Re2 1-0